 Dungeon Crawl Stone Soup version 0.25.0-37-gb73750e0fb (webtiles) character file.

Game seed: 17340851919214970922

1033 lepoulpe303 the Spear-Bearer (level 8, 0/61 HPs)
             Began as a Merfolk Gladiator on July 8, 2020.
             Slain by a bullfrog (6 damage)
             ... on level 6 of the Dungeon.
             The game lasted 00:16:37 (5822 turns).

lepoulpe303 the Spear-Bearer (Merfolk Gladiator)    Turns: 5822, Time: 00:16:38

Health: 0/61       AC:  7    Str: 16    XL:     8   Next: 24%
Magic:  8/8        EV: 13    Int:  8    God:
Gold:   185        SH:  0    Dex: 15    Spells: 7/7 levels left

rFire    . . .     SeeInvis .   a - +0 trident
rCold    . . .     Gourm    .   (no shield)
rNeg     . . .     Faith    .   s - +0 scale mail
rPois    .         Spirit   .   c - +0 helmet
rElec    .         Reflect  .   (no cloak)
rCorr    .         Harm     .   (no gloves)
MR       .....                  (no boots)
Stlth    ..........             (no amulet)
HPRegen  0.20/turn              (no ring)
MPRegen  0.11/turn              (no ring)

@: no status effects
A: change form in water, swift swim, stealthy swim
a: no special abilities


You were on level 6 of the Dungeon.
You were very hungry.

You visited 1 branch of the dungeon, and saw 5 of its levels.

You collected 185 gold pieces.

Inventory:

Hand Weapons
 a - a +0 trident (weapon)
Missiles
 d - 3 curare-tipped darts (quivered)
 m - a throwing net {=f}
 r - 7 poisoned darts
Armour
 b - a +0 leather armour
 c - a +0 helmet (worn)
 g - a +0 ring mail
 s - a +0 scale mail (worn)
Jewellery
 o - a cursed amulet of inaccuracy {unknown}
Wands
 f - a wand of flame (22)
 D - a wand of digging (5)
Scrolls
 i - 4 scrolls of identify
 k - a scroll of immolation {!r}
 n - a scroll of amnesia
 w - 2 scrolls of remove curse
Potions
 h - a potion of brilliance
 j - a potion of berserk rage {unknown}
 l - a potion of heal wounds
 p - a potion of cancellation {unknown}
 q - 2 potions of curing
 u - a potion of haste {unknown}
Comestibles
 e - 6 rations


   Skills:
 + Level 4.5 Fighting
 * Level 8.9 Polearms
 + Level 4.1 Throwing
 + Level 2.6 Armour
 + Level 6.5 Dodging


You had 7 spell levels left.
You didn't know any spells.
Your spell library was empty.

Dungeon Overview and Level Annotations

Branches:
Dungeon (4/15)             Temple (0/1) D:6

Altars:
Ashenzari

Annotations:
D:6 Prince Ribbit


Message History

* * * LOW HITPOINT WARNING * * *
You take 4 damage, and have 10/61 hp.
The bullfrog barely misses you. The bullfrog misses you.
You see here a ring mail.
The bullfrog hits you but does no damage.
Found a stone staircase leading down.
You are feeling very hungry.
The bullfrog hits you!
* * * LOW HITPOINT WARNING * * *
You take 7 damage, and have 5/61 hp.
A bullfrog and an ogre come into view.
The ogre shouts!
The bullfrog croaks.
The bullfrog hits you but does no damage.
A worker ant comes into view.
The worker ant twitches its antennae in your direction.
The bullfrog hits you but does no damage.
The ogre misses you. The bullfrog misses you. The ogre closely misses you.
The bullfrog hits you.
You die...

******,#.# *.#.# *,,,#*,#.#
*.### *,*,,.,#.# *.# *
*,,,*#.#Y# *,* *
**,**#.#r########******,***
*,* #.....a..a..,,,,,,,,,,
*,###.#.S.#####***,,**,***
*.......FF# *,,**,*
*###.###O@# *,,**,*** #.*
#..# **,*,*,,,, #,**#..#***
**,***,**** *,,,....,,*
*,** **,*
*,*######,****,***,** *,*
*,*,,,,,*,** ****,*
*,*,****,** * *,,,,*
*,*,****,****** *,**,*
*,*,,,,,,,,,,*,


You could see an ice beast, an ogre, 2 bullfrogs, a worker ant, an adder and a
quokka.

Levels and vault maps discovered:
D:1:      dpeg_arrival_connections, layout_basic, chequers_arboretum
D:2:      layout_basic, minmay_snake_closets
D:3:      cheibrodos_thug_alley, layout_loops_ring, marbit_many_paths,
          uniq_sigmund
D:4:      layout_loops_corners, minmay_misc_feat_roman
D:6:      layout_loops_ring, gammafunk_temple_overflow_claw,
          minmay_temple_entry_crystal_x, uniq_prince_ribbit1, uniq_duvessa

Notes
Turn   | Place    | Note
-------+----------+-------------------------------------------
     0 | D:1      | lepoulpe303 the Merfolk Gladiator began the quest for the
                  | Orb.
     0 | D:1      | Reached XP level 1. HP: 16/16 MP: 1/1
    53 | D:1      | Identified a +0 club
    63 | D:1      | Reached XP level 2. HP: 20/22 MP: 2/2
   380 | D:1      | Identified a +0 club
   503 | D:1      | Identified a cursed +0 short sword
   790 | D:1      | Reached skill level 5 in Polearms
  1033 | D:1      | Identified a +0 ring mail (You found it on level 1 of the
                  | Dungeon)
  1048 | D:2      | Identified a +0 whip
  1052 | D:2      | Identified a +0 club
  1052 | D:2      | Identified a +0 robe
  1063 | D:1      | Reached XP level 3. HP: 25/28 MP: 3/3
  1146 | D:2      | Reached XP level 4. HP: 26/34 MP: 4/4
  1623 | D:2      | Identified a +0 mace
  1623 | D:2      | Identified a +0 ring mail
  1653 | D:2      | Reached skill level 1 in Armour
  1886 | D:2      | Reached skill level 3 in Fighting
  1936 | D:1      | Reached XP level 5. HP: 12/41 MP: 5/5
  2189 | D:1      | Reached skill level 6 in Polearms
  2364 | D:2      | Identified a +0 dagger
  2480 | D:3      | Found a shattered altar of Ashenzari.
  2520 | D:3      | Reached skill level 5 in Dodging
  2555 | D:3      | Identified a +0 dagger
  2797 | D:3      | Identified a +0 whip
  2977 | D:3      | Identified a +0 dagger
  3006 | D:3      | Identified a +0 club
  3007 | D:3      | Identified a +0 short sword
  3007 | D:3      | Identified a +0 leather armour
  3019 | D:3      | Identified a +0 trident
  3021 | D:3      | Identified a +0 whip
  3021 | D:3      | Identified a +0 leather armour
  3021 | D:3      | Identified a +0 mace
  3021 | D:3      | Identified a +0 ring mail
  3021 | D:3      | Identified a cursed -1 hand axe
  3022 | D:3      | Identified a +0 trident
  3022 | D:3      | Identified a +0 dagger
  3022 | D:3      | Identified a +0 robe
  3022 | D:3      | Identified a +0 club
  3022 | D:3      | Identified a +0 dagger
  3022 | D:3      | Identified a +0 robe
  3230 | D:3      | Identified a +0 club
  3230 | D:3      | Identified a +0 leather armour
  3247 | D:3      | Identified a +0 club
  3277 | D:2      | Reached skill level 3 in Throwing
  3277 | D:2      | Reached XP level 6. HP: 26/47 MP: 6/6
  3472 | D:3      | Identified a +0 dagger
  3587 | D:3      | Identified a +0 dagger
  3654 | D:3      | Identified a +0 club
  3752 | D:3      | Identified a +0 flail
  3752 | D:3      | Identified a +0 dagger
  3752 | D:3      | Identified a +0 robe
  3770 | D:3      | Reached skill level 7 in Polearms
  3890 | D:3      | Identified a +1 dagger of pain
  3918 | D:3      | Identified a cursed -3 club
  3918 | D:3      | Identified a +0 club
  3921 | D:3      | Identified a +0 club
  3924 | D:3      | Identified a +0 club
  3925 | D:3      | Identified a +0 club
  3928 | D:3      | Identified a +0 club
  3938 | D:3      | Identified a +0 dagger
  3940 | D:3      | Identified a +2 dagger of speed
  3942 | D:3      | Identified a +0 club
  3945 | D:3      | Identified a +1 dagger of venom
  4201 | D:3      | Identified a +0 war axe
  4220 | D:3      | Identified a +0 hunting sling
  4287 | D:3      | Reached XP level 7. HP: 50/53 MP: 7/7
  4398 | D:3      | Identified a +0 scythe of protection
  4398 | D:3      | Identified a +0 robe
  4398 | D:3      | Noticed Sigmund
  4502 | D:2      | Killed Sigmund
  4502 | D:2      | Reached skill level 4 in Fighting
  4502 | D:2      | Reached skill level 2 in Armour
  4715 | D:3      | Reached skill level 8 in Polearms
  4868 | D:3      | Identified a +0 scale mail (You found it on level 3 of the
                  | Dungeon)
  4993 | D:4      | Reached skill level 6 in Dodging
  5001 | D:4      | Identified a +0 dagger
  5001 | D:4      | Identified a +0 robe
  5001 | D:4      | Identified a +0 short sword
  5018 | D:4      | Identified a +0 dagger
  5018 | D:4      | Identified a +0 robe
  5018 | D:4      | Identified a +0 dagger
  5018 | D:4      | Identified a +0 robe
  5319 | D:4      | Reached skill level 4 in Throwing
  5319 | D:4      | Reached XP level 8. HP: 50/61 MP: 8/8
  5362 | D:4      | You fall into a shaft and drop 2 floors!
  5364 | D:6      | Identified a +0 shortbow
  5374 | D:6      | HP: 9/61 [acid (9)]
  5377 | D:6      | Identified 3 potions of curing
  5378 | D:6      | Identified 2 potions of brilliance
  5379 | D:6      | Identified a potion of lignification
  5379 | D:6      | HP: 22/91 [centaur (2)]
  5383 | D:6      | HP: 10/91 [centaur (1)]
  5390 | D:6      | HP: 8/91 [acid (1)]
  5391 | D:6      | HP: 3/91 [acid (5)]
  5710 | D:6      | Noticed Prince Ribbit
  5727 | D:6      | Identified a +0 club
  5730 | D:6      | Identified a +0 dagger
  5730 | D:6      | Identified a +2 robe of magic resistance
  5730 | D:6      | Identified a +2 flail of distortion
  5730 | D:6      | Identified a +0 leather armour
  5737 | D:6      | Identified 3 scrolls of remove curse
  5738 | D:6      | Identified 2 scrolls of amnesia
  5739 | D:6      | Identified 5 scrolls of identify
  5739 | D:6      | Identified a scroll of immolation
  5740 | D:6      | Identified a scroll of fog
  5752 | D:6      | HP: 12/61 [orc priest/divine providence (12)]
  5769 | D:6      | Identified a scroll of magic mapping
  5804 | D:6      | HP: 14/61 [bullfrog (5)]
  5816 | D:6      | HP: 5/61 [bullfrog (7)]
  5818 | D:6      | Identified a +0 giant club
  5822 | D:6      | Slain by a bullfrog

Table legend:
 A = Turns spent in this place as a percentage of turns spent in the entire game.
 B = Non-inter-level travel turns spent in this place as a percentage of non-inter-level travel turns spent in the entire game.
 C = Inter-level travel turns spent in this place as a percentage of turns spent in this place.
 D = Turns resting spent in this place as a percentage of non-inter-level travel turns spent in this place.
 E = Turns spent auto-exploring this place as a percentage of non-inter-level travel turns spent in this place.
 F = Non-inter-level travel turns spent in this place divided by the number of levels of this place that you've seen.
                   A       B       C       D       E      F
               +-------+-------+-------+-------+-------+----------------------
         Total | 100.0 | 100.0 |   5.4 |  39.7 |  38.0 | 1102.0
       Dungeon | 100.0 | 100.0 |   5.4 |  39.7 |  38.0 | 1102.0
               +-------+-------+-------+-------+-------+----------------------

Table legend:
 A = Kills in this place as a percentage of kills in entire the game.
 B = Kills by you in this place as a percentage of kills by you in the entire game.
 C = Kills by friends in this place as a percentage of kills by friends in the entire game.
 D = Other kills in this place as a percentage of other kills in the entire game.
 E = Experience gained in this place as a percentage of experience gained in the entire game.
 F = Experience gained in this place divided by the number of levels of this place that you have seen.
                   A       B       C       D       E      F
               +-------+-------+-------+-------+-------+----------------------
         Total | 100.0 | 100.0 |   N/A | 100.0 | 100.0 | 295.2
       Dungeon | 100.0 | 100.0 |   N/A | 100.0 | 100.0 | 295.2
               +-------+-------+-------+-------+-------+----------------------

Skill      XL: |  1  2  3  4  5  6  7 |
---------------+----------------------+-----
Polearms       | 5 6 7 8 |  8.9
Armour         | 1 2 |  2.6
Fighting       | 3 4 |  4.5
Dodging        | 5 6 |  6.5
Throwing       | 3 4 |  4.1

Action                   |  1- 3 |  4- 6 |  7- 9 || total
-------------------------+-------+-------+-------++-------
Melee: Trident           |    62 |   300 |   126 ||   488
Throw: Throwing net      |       |     6 |       ||     6
       Dart              |       |       |    11 ||    11
  Use: Scroll            |       |       |     5 ||     5
       Potion            |       |       |     3 ||     3
 Stab: Sleeping          |     3 |       |       ||     3
       Held in net/web   |       |     2 |       ||     2
  Eat: Chunk             |     1 |    10 |     4 ||    15
Armor: Leather armour    |     9 |       |       ||     9
       Ring mail         |     4 |    97 |     5 ||   106
       Scale mail        |       |       |    30 ||    30
       Skin              |       |       |    12 ||    12
Dodge: Dodged            |    28 |   178 |    76 ||   282

Vanquished Creatures
  Sigmund (D:2)
  A phantom (D:4)
  A centaur (D:6)
  2 big kobolds (D:3)
  2 jellies
  A centaur skeleton (D:4)
  2 orc priests
  5 orc wizards
  A howler monkey skeleton (D:4)
  12 adders
  3 oozes
  4 worms
  2 dart slugs
  2 leopard geckos (D:3)
  14 orcs
  4 giant cockroaches
  7 goblins
  7 hobgoblins
  3 quokkas
  6 ball pythons
  8 bats
  A frilled lizard (D:2)
  14 kobolds
  11 rats
114 creatures vanquished.

Vanquished Creatures (others)
  An orc wizard (D:4)
1 creature vanquished.

Grand Total: 115 creatures vanquished
